 Dungeon Crawl Stone Soup version 0.21-a0-1-gaf3b9a5 (webtiles) character file.

2 Gorglomux the Insei (level 1, -2/15 HPs)
             Began as a Barachi Transmuter on May 20, 2017.
             Slain by a rat (3 damage)
             ... on level 1 of the Dungeon.
             The game lasted 00:00:15 (87 turns).

Gorglomux the Insei (Barachi Transmuter)              Turns: 87, Time: 00:00:15

Health: -2/15      AC:  2    Str: 11    XL:     1   Next: 40%
Magic:  2/3        EV: 12    Int: 13    God:
Gold:   3          SH:  0    Dex: 12    Spells: 3/4 levels left

rFire    . . .     SeeInvis .     - Unarmed
rCold    . . .     Gourm    .   (no shield)
rNeg     . . .     Faith    .   b - +0 robe
rPois    .         Spirit   .   (no helmet)
rElec    .         Reflect  .   (no cloak)
rCorr    .         Harm     .   (no gloves)
MR       .....                  (no boots)
Stlth    +.........             (no amulet)
Regen    0.1/turn               (no ring)
MPRegen  0.1/turn               (no ring)

@: appendage, slow
A: +LOS, swims, horns 2, slowness 1, strong legs 1
a: Hop, End Transformation


You were on level 1 of the Dungeon.
You were not hungry.
You had grown temporary horns.
You visited 1 branch of the dungeon, and saw 1 of its levels.

You collected 3 gold pieces.

Inventory:

Missiles
 a - 12 arrows
Armour
 b - a +0 robe (worn)
Books
 c - a book of Changes
Comestibles
 d - a bread ration {@e1}
 f - a chunk of flesh {@w0}


   Skills:
 - Level 1.2 Fighting
 - Level 2.1 Dodging
 + Level 3.3 Unarmed Combat
 + Level 2.3 Spellcasting
 + Level 2.2 Transmutations


You had 3 spell levels left.
You knew the following spells:

 Your Spells              Type           Power        Failure   Level  Hunger
a - Beastly Appendage     Tmut           #.....       10%         1    #......


Dungeon Overview and Level Annotations

Branches:
Dungeon (1/15)

Altars:


Innate Abilities, Weirdness & Mutations

Shadows flee at your approach. (+LOS)
You can swim through water.
You cover ground slowly.
You can hop short distances.
You have a pair of horns on your head.


Message History

Warning: Cannot find file "HDAColors.rc". (~/.crawlrc:9704) Warning: Cannot find file "HDAtravel.rc". (~/.crawlrc:9707) Welcome, Gorglomux the Barachi Transmuter.
It is said that the Orb of Zot exists deep within this dungeon.
Found a staircase leading out of the dungeon.
You open the door.
A hobgoblin comes into view.
A hobgoblin is nearby!
You grow a pair of large bovine horns.
Your transformation is almost over.
The hobgoblin shouts!
You closely miss the hobgoblin. You hit the hobgoblin but do no damage.
Your headbutt misses the hobgoblin. The hobgoblin closely misses you.
Unknown command.
You hit the hobgoblin but do no damage. The hobgoblin misses you.
Unknown command.
You barely miss the hobgoblin. The hobgoblin misses you.
A hobgoblin is nearby!
You closely miss the hobgoblin. You headbutt the hobgoblin.
The hobgoblin closely misses you.
Unknown command.
You barely miss the hobgoblin. The hobgoblin closely misses you.
A hobgoblin is nearby!
You barely miss the hobgoblin. The hobgoblin barely misses you.
Unknown command.
Unknown command.
You hit the hobgoblin.
You kill the hobgoblin!
No target in view!
Unknown command.
No target in view!
No target in view!
You start resting.
Your horns disappear.
There is an open door here.
You see here a hobgoblin corpse.
You butcher the hobgoblin corpse.
f - a chunk of flesh {@w0}
There is an open door here.
A rat comes into view.
A rat is nearby!
A rat is nearby!
You grow a pair of large bovine horns.
Unknown command.
Your transformation is almost over.
The rat misses you. The rat closely misses you.
You hit the rat.
Unknown command.
You barely miss the rat. Your headbutt misses the rat.
Your punch misses the rat. The rat bites you.
Unknown command.
A rat is nearby!
You hit the rat but do no damage. You headbutt the rat.
You kill the rat!
Unknown command.
Your horns disappear.
You now have 3 gold pieces.
A frilled lizard comes into view.
Unknown command.
The frilled lizard hisses angrily.
You see here a golden potion.
A frilled lizard is nearby!
Unknown command.
A rat comes into view.
There are monsters nearby!
Unknown command.
There are monsters nearby!
You grow a pair of large bovine horns.
The frilled lizard closely misses you.
You closely miss the frilled lizard.
Your transformation is almost over.
The frilled lizard bites you.
You closely miss the frilled lizard. The frilled lizard bites you.
Unknown command.
You are too injured to fight recklessly!
Unknown command.
You are too injured to fight recklessly!
You are too injured to fight recklessly!
Unknown command.
You hit the frilled lizard. The frilled lizard closely misses you.
You miss the frilled lizard. The frilled lizard barely misses you.
The rat bites you.
You hit the frilled lizard but do no damage.
The frilled lizard hisses.
The frilled lizard closely misses you. The rat bites you.
* * * LOW HITPOINT WARNING * * *
Unknown command.
You see here a golden potion.
The frilled lizard closely misses you.
Your horns disappear.
The rat bites you.
* * * LOW HITPOINT WARNING * * *
You miss the frilled lizard. The frilled lizard barely misses you.
You grow a pair of large bovine horns.
The frilled lizard bites you.
* * * LOW HITPOINT WARNING * * *
You hit the frilled lizard.
You kill the frilled lizard!
The rat bites you.
You die...

.............# #..#
.............# ##.##
.............### #..#
..........!....# ##.##
...............# #..#
...............# #.##
.....#.........# #.#
########......r#######
##.# ##..#.##@.....#
#..# #..#.##......#
##.## #.##..#......#
#..# #.
##.#......###.## ..
#.#.#.#####..# ..
#...#.#####.##
##.......##.#
##.#.##.#..#
#..#.##.#.##


You could see a rat.

Vanquished Creatures
  A hobgoblin (D:1)
  A frilled lizard (D:1)
  A rat (D:1)
3 creatures vanquished.

Notes
Turn   | Place    | Note
-------+----------+-------------------------------------------
     0 | D:1      | Gorglomux the Barachi Transmuter began the quest for the Orb.
     0 | D:1      | Reached XP level 1. HP: 15/15 MP: 3/3
    77 | D:1      | HP: 3/15 [rat (3)]
    83 | D:1      | HP: 2/15 [rat (1)]
    87 | D:1      | Slain by a rat

Vault maps used:
D:1:      saegor_arrival_simple_b

Action                   || total
-------------------------++-------
Melee: Unarmed           ||    18
       Headbutt          ||     2
 Cast: Beastly Appendage ||     4
Dodge: Dodged            ||    14

Vault maps used:
D:1:      saegor_arrival_simple_b

Table legend:
 A = Turns spent in this place as a percentage of turns spent in the entire game.
 B = Non-inter-level travel turns spent in this place as a percentage of non-inter-level travel turns spent in the entire game.
 C = Inter-level travel turns spent in this place as a percentage of turns spent in this place.
 D = Turns resting spent in this place as a percentage of non-inter-level travel turns spent in this place.
 E = Turns spent auto-exploring this place as a percentage of non-inter-level travel turns spent in this place.
 F = Non-inter-level travel turns spent in this place divided by the number of levels of this place that you've seen.
                   A       B       C       D       E      F
               +-------+-------+-------+-------+-------+----------------------
         Total | 100.0 | 100.0 |   0.0 |   2.7 |   4.1 |  74.0
       Dungeon | 100.0 | 100.0 |   0.0 |   2.7 |   4.1 |  74.0
               +-------+-------+-------+-------+-------+----------------------

Table legend:
 A = Kills in this place as a percentage of kills in entire the game.
 B = Kills by you in this place as a percentage of kills by you in the entire game.
 C = Kills by friends in this place as a percentage of kills by friends in the entire game.
 D = Other kills in this place as a percentage of other kills in the entire game.
 E = Experience gained in this place as a percentage of experience gained in the entire game.
 F = Experience gained in this place divided by the number of levels of this place that you have seen.
                   A       B       C       D       E      F
               +-------+-------+-------+-------+-------+----------------------
         Total | 100.0 | 100.0 |  -nan |  -nan | 100.0 |   4.0
       Dungeon | 100.0 | 100.0 |  -nan |  -nan | 100.0 |   4.0
               +-------+-------+-------+-------+-------+----------------------
